 Dungeon Crawl Stone Soup version 0.24-a0-397-g73b976d855 (webtiles) character file.

Game seed: 6770053819086518006

862 emperorscorpion the Magician (level 7, -4/36 HPs)
             Began as a Deep Elf Air Elementalist on June 4, 2019.
             Slain by Duvessa
             ... wielding a +0 rapier
              (6 damage)
             ... on level 5 of the Dungeon.
             The game lasted 00:08:47 (5559 turns).

emperorscorpion the Magician (DEAE)                 Turns: 5559, Time: 00:08:48

Health: -4/36      AC:  6    Str:  5    XL:     7   Next: 72%
Magic:  17/19      EV: 12    Int: 22    God:
Gold:   265        SH:  0    Dex: 15    Spells: 10/20 levels left

rFire    . . .     SeeInvis .   b - +4 dagger (freeze)
rCold    . . .     Gourm    .   (no shield)
rNeg     . . .     Faith    .   q - +2 leather armour {rPois}
rPois    +         Spirit   .   (no helmet)
rElec    .         Reflect  .   (no cloak)
rCorr    .         Harm     .   (no gloves)
MR       .....                  o - +0 pair of boots
Stlth    ++........             (no amulet)
HPRegen  0.12/turn              (no ring)
MPRegen  0.16/turn              (no ring)

@: starving
A: no striking features
a: no special abilities


You were on level 5 of the Dungeon.
You were starving.

You visited 1 branch of the dungeon, and saw 5 of its levels.
You also visited: Sewer.

You collected 265 gold pieces.

Inventory:

Hand Weapons
 a - a +0 spear of venom
 b - a +4 dagger of freezing (weapon)
 f - a +0 dagger
 i - a +3 dagger
Missiles
 t - 19 poisoned darts (quivered)
 v - 2 boomerangs
Armour
 o - a +0 pair of boots (worn)
 q - a +2 leather armour of poison resistance (worn)
 r - a +0 robe
 s - a +1 robe of resistance
 y - a +0 troll leather armour {Purgy}
Jewellery
 n - an uncursed ring of see invisible
Scrolls
 e - 7 scrolls of remove curse {unknown}
 h - 2 scrolls of enchant armour {unknown}
 j - 5 scrolls of identify {unknown}
 m - 3 scrolls of amnesia {unknown}
 w - 2 scrolls of teleportation {unknown}
 C - a scroll of magic mapping {unknown}
 F - a scroll of fog {unknown}
Potions
 d - a potion of berserk rage {unknown}
 g - 2 potions of mutation {unknown}
 k - 4 potions of might {unknown}
 p - a potion of curing {unknown}
 u - 2 potions of haste {unknown}
 x - 3 potions of agility {unknown}
 z - a potion of flight {unknown}
 A - a potion of brilliance {unknown}
 B - a potion of resistance {unknown}
 D - a potion of invisibility {unknown}
 E - 5 potions of degeneration {unknown}
Comestibles
 c - 9 rations


   Skills:
 + Level 0.3 Fighting
 + Level 1.7 Armour
 + Level 3.3 Dodging
 + Level 3.6 Stealth
 + Level 7.2 Spellcasting
 + Level 3.9 Conjurations
 + Level 5.6 Air Magic


You had 10 spell levels left.
You knew the following spells:

 Your Spells              Type           Power        Failure   Level  Hunger
a - Shock                 Conj/Air       ####         1%          1    None
b - Airstrike             Air            ####......   13%         4    ###....
c - Lightning Bolt        Conj/Air       ####......   45%         5    #####..

Your spell library contained the following spells:

 Spells                   Type           Power        Failure   Level  Hunger
 Static Discharge         Conj/Air       ####....     5%          3    None
 Swiftness                Chrm/Air       ###.....     6%          2    None


Dungeon Overview and Level Annotations

Branches:
Dungeon (5/15)
 Temple: D:4-7

Altars:
Kikubaaqudgha
Okawaru

Annotations:
D:4 2 runed translucent doors, Ratty's ghost, amateur DEFE
D:5 Dowan; Duvessa


Message History

* * * LOW HITPOINT WARNING * * *
Duvessa completely misses you.
There is a stone staircase leading down here.
Duvessa closely misses you.
Duvessa says, "Where magic fails, the sword succeeds!"
Duvessa is no longer moving quickly.
Duvessa says, "When magic and the sword combine, nothing stands against them."
Your magical contamination has completely faded away.
Duvessa hits you but does no damage. Duvessa hits you with a +0 rapier.
* * * LOW HITPOINT WARNING * * *
You closely miss Duvessa.
Duvessa is moderately wounded.
You are starving!
Duvessa hits you with a +0 rapier.
* * * LOW HITPOINT WARNING * * *
You hit Duvessa. You freeze Duvessa.
Duvessa is moderately wounded.
Duvessa hits you with a +0 rapier.
You die...

#.# #.....##.# #.#
##.#..##.#
#.####.......#
#.........####
########.## #.#
##.########
##########.........#
#..@e....#..######.#
# #.######.#..# #
#.# ####.#..##...
#### #.#
#..........# .^.#
#.# #.##......##
##.## #.#
#.##.#...## ....#
###.###.##>#......
##..#
#..........##.####
##..#
#.###########.#


You could see Duvessa.

Vanquished Creatures
  Purgy (Sewer)
  3 ogres
  2 big kobolds (Sewer)
  A bullfrog zombie (D:5)
  A centaur skeleton (D:5)
  A hound (D:5)
  Jessica (D:3)
  2 bullfrog skeletons (D:5)
  A hound skeleton (D:4)
  8 adders
  3 oozes
  A worm (D:2)
  3 dart slugs
  4 leopard geckos
  5 orcs
  7 bats
  6 giant cockroaches
  8 goblins
  9 hobgoblins
  5 jackals (D:1)
  3 quokkas
  A ball python (D:4)
  6 frilled lizards
  A jackal skeleton (D:4)
  9 kobolds
  A leopard gecko skeleton (D:4)
  7 rats
100 creatures vanquished.

Notes
Turn   | Place    | Note
-------+----------+-------------------------------------------
     0 | D:1      | emperorscorpion the Deep Elf Air Elementalist began the
                  | quest for the Orb.
     0 | D:1      | Reached XP level 1. HP: 10/10 MP: 6/6
   113 | D:1      | Reached XP level 2. HP: 15/15 MP: 1/8
   543 | D:1      | Reached XP level 3. HP: 19/19 MP: 3/10
  1214 | D:2      | Reached skill level 4 in Spellcasting
  1420 | D:2      | Reached XP level 4. HP: 19/24 MP: 9/12
  1673 | D:2      | Found an iron altar of Okawaru.
  1833 | D:3      | Found an ancient bone altar of Kikubaaqudgha.
  1894 | D:3      | Learned a level 4 spell: Airstrike
  2223 | D:3      | Noticed Jessica
  2233 | D:3      | Killed Jessica
  2314 | D:3      | Reached XP level 5. HP: 28/28 MP: 12/14
  3247 | D:4      | Found a glowing drain.
  3259 | Sewer    | Entered a sewer
  3324 | Sewer    | Reached skill level 1 in Armour
  3324 | Sewer    | Reached skill level 5 in Spellcasting
  3393 | Sewer    | Noticed Purgy
  3399 | Sewer    | Killed Purgy
  3399 | Sewer    | Reached XP level 6. HP: 17/32 MP: 0/16
  3888 | D:4      | Found a large runed translucent door.
  3896 | D:4      | Found a large runed translucent door.
  3898 | D:4      | Noticed Ratty's ghost (amateur DEFE)
  4091 | D:4      | Reached skill level 6 in Spellcasting
  4091 | D:4      | Reached skill level 5 in Air Magic
  4091 | D:4      | Reached XP level 7. HP: 32/36 MP: 0/18
  4485 | D:5      | Entered Level 5 of the Dungeon
  4673 | D:5      | Learned a level 5 spell: Lightning Bolt
  4979 | D:5      | Reached skill level 7 in Spellcasting
  5509 | D:5      | Noticed Dowan
  5511 | D:5      | Noticed Duvessa
  5559 | D:5      | Slain by Duvessa

Levels and vault maps discovered:
D:1:      mainiacjoe_arrival_reflecting_pool, layout_basic
D:2:      layout_rooms, okawaru_gym_becter, kennysheep_nub
D:3:      kennysheep_big_flooded_room, layout_basic, kiku_gazebo_pond_becter,
          first_ration, minmay_fractal_squares_5, uniq_jessica
D:4:      layout_loops_ring, portal_sewer_entry_d, ebering_ghost_disaster_area,
          hangedman_decor_growths
D:5:      layout_loops_corners, uniq_duvessa

Skill      XL: |  1  2  3  4  5  6  7 |
---------------+----------------------+-----
Spellcasting   | 4 5 6 7 |  7.2
Conjurations   | 2 3 |  3.9
Air Magic      | 4 5 |  5.6
Dodging        | 3 |  3.3
Armour         | 1 |  1.7
Stealth        | 3 |  3.6
Fighting       | |  0.3

Action                   |  1- 3 |  4- 6 |  7- 9 || total
-------------------------+-------+-------+-------++-------
Melee: Dagger            |       |    14 |     6 ||    20
       Spear             |       |       |     1 ||     1
Throw: Dart              |       |       |     2 ||     2
 Cast: Shock             |    80 |   125 |    16 ||   221
       Airstrike         |       |     5 |    20 ||    25
 Stab: Sleeping          |       |       |     1 ||     1
  Eat: Chunk             |     1 |     8 |     6 ||    15
Armor: Robe              |     1 |       |       ||     1
       Leather armour    |       |     9 |     8 ||    17
Dodge: Dodged            |     6 |    28 |    13 ||    47

Table legend:
 A = Non-vault XP
 B = Vault XP
 C = Vault XP percentage of total XP
 D = Non-vault monster count
 E = Vault monster count
 F = Vault count percentage of total count
                 A         B        C        D         E       F
            +---------+---------+-------+---------+---------+-------
      Total |     834 |     398 |  32.3 |      86 |      14 |  14.0
            +---------+---------+-------+---------+---------+-------
        D:1 |      57 |       0 |   0.0 |      27 |       0 |   0.0
        D:2 |      66 |       0 |   0.0 |      17 |       0 |   0.0
        D:3 |      70 |      47 |  40.2 |      23 |       7 |  23.3
        D:4 |     164 |      13 |   7.3 |       9 |       1 |  10.0
        D:5 |     477 |       0 |   0.0 |      10 |       0 |   0.0
      Sewer |       0 |     338 | 100.0 |       0 |       6 | 100.0
            +---------+---------+-------+---------+---------+-------
